Cogmind - Beta 11.1 --- EXPLORER MODE // 2022.08.06 @ 22:15:48 Player: vifino Result: Destroyed by as-44283 with Assembled Rifle Performance ------------- Evolutions (0) 0 Regions Visited (2) 400 Robots Destroyed (16) 80 Value Destroyed (457) 457 Prototype IDs (0) 0 Alien Tech Used (0) 0 Bonus (0) 0 TOTAL SCORE: 937 Bonus ------- None Cogmind --------- Core Integrity 0/250 Matter 115/300 Energy 44/100 System Corruption 0% Temperature Cool (23) Movement Treading (330) Ox2 Location -10/Mines Parts ------- > --- POWER (1) -------- (None) > --- PROPULSION (2) --- Armored Treads > --- UTILITY (3) ------ High-capacity Storage Unit Core Shielding > --- WEAPON (2) ------- Heavy Particle Cannon > --- INVENTORY (20) --- Heat Sink Medium Storage Unit Medium Storage Unit Huge Storage Unit Large Battery (200) Signal Interpreter Improved Signal Interpreter Core Shielding Hardlight Generator Particle Gun Katana Peak State ------------ > --- POWER ------------ Ion Engine > --- PROPULSION ------- Armored Treads > --- UTILITY ---------- High-capacity Storage Unit Targeting Computer Core Shielding > --- WEAPON ----------- Particle Gun Missile Launcher > --- INVENTORY -------- Aluminum Leg Aluminum Leg Heat Sink Medium Storage Unit Medium Storage Unit Huge Storage Unit Large Battery Signal Interpreter Improved Signal Interpreter Core Shielding Hardlight Generator Light Cannon Missile Launcher Katana [Rating: 14] Favorites ----------- Power Light Ion Engine Engine Light Ion Engine Propulsion Aluminum Leg Treads Armored Treads Leg Aluminum Leg Utility Core Shielding Storage Medium Storage Unit Processor Targeting Computer Protection Core Shielding Weapon Assault Rifle Energy Gun Particle Gun Energy Cannon Heavy Particle Cannon Ballistic Gun Assault Rifle Ballistic Cannon Light Cannon Launcher Missile Launcher Build | -11 -10 -10 ------- Run | Scr Mat Min Slots Evolved 1 | . 1 . Power . | . . . Propulsion . | . . . Utility 1 | . 1 . Weapon . | . . . Parts Attached 28 | 8 6 14 Power 3 | 1 1 1 Engine 3 | 1 1 1 Core . | . . . Reactor . | . . . Propulsion 8 | 4 . 4 Treads 4 | 2 . 2 Leg 4 | 2 . 2 Wheel . | . . . Hover . | . . . Flight . | . . . Utility 7 | 2 2 3 Device . | . . . Storage 4 | 1 . 3 Processor 1 | . 1 . Hackware . | . . . Protection 2 | 1 1 . Artifact . | . . . Weapon 10 | 1 3 6 Energy Gun 2 | . . 2 Energy Cannon 1 | . . 1 Ballistic Gun 4 | 1 3 . Ballistic Cannon 1 | . . 1 Launcher 2 | . . 2 Special Weapon . | . . . Impact Weapon . | . . . Slashing Weapon . | . . . Piercing Weapon . | . . . Special Melee Weapon . | . . . Unidentified Prototypes . | . . . Parts Lost 10 | . . 10 Power 2 | . . 2 Propulsion 2 | . . 2 Utility 1 | . . 1 Weapon 5 | . . 5 Highest Loss Streak 6 | . . 6 To Critical Strikes . | . . . Average Slot Usage (%) 96 | . 99 93 Engine 10 | . 12 9 Treads 1 | . . 2 Leg 22 | . 25 20 Storage 12 | . 12 12 Processor 11 | . 11 11 Protection 12 | . 12 12 Energy Gun 3 | . . 8 Ballistic Gun 16 | . 25 6 Launcher 3 | . . 6 Naked Turns . | . . . Heaviest Build 55 | 16 18 55 Greatest Support 40 | 40 20 20 Greatest Overweight (x) 3 | 3 . 2 Average Overweight (x) . | . . 1 Largest Inventory Capacity 25 | 10 10 25 Average Capacity 14 | 9 10 19 Most Carried 16 | 9 10 16 Average Carried 10 | 6 9 12 Final Capacity 20 | 10 10 20 Final Carried 11 | 8 10 11 Class Distribution -------------------- 100% | Hacker-Mutant Dominant Class ---------------- Hacker-Mutant | -10/Materials Hacker-Mutant | -10/Mines Resources | -11 -10 -10 ----------- Run | Scr Mat Min Matter Collected 628 | 179 353 96 Remotely . | . . . Salvage Created 425 | . 333 92 Parts 21 | . 19 2 Haulers Intercepted . | . . . Recyclers Shooed . | . . . Parts Field Recycled . | . . . Retrieved Matter . | . . . Parts Self-Destructed . | . . . Prevented . | . . . Kills | -11 -10 -10 ------- Run | Scr Mat Min Combat Hostiles Destroyed 17 | . 8 9 Guns 12 | . 8 4 Cannons 3 | . . 3 AOE 2 | . . 2 Classes Destroyed 6 | . 3 3 Builder 1 | . . 1 Watcher 2 | . 2 . Swarmer 4 | . 2 2 Grunt 7 | . 6 1 Demolisher 2 | . . 2 Assembled 4 | . . 4 Best Kill Streak 4 | . 2 4 Combat Bots Only 4 | . 2 4 Max Kills in Single Turn 2 | . 1 2 Gunslinging . | . . . Exploded 1 | . . 1 Melee . | . . . Uniques/NPCs Destroyed . | . . . Combat | -11 -10 -10 -------- Run | Scr Mat Min Damage Taken 1586 | . 167 1419 Core 253 | . 19 234 Absorbed by Shields . | . . . Redirected to Shielding 47 | . 3 44 Core Remaining (%) 100 | 100 . . Volleys Fired 59 | . 32 27 Largest 2 | . 2 2 Hottest 125 | . 40 125 Shots Fired 107 | . 64 43 Gun 84 | . 64 20 Cannon 10 | . . 10 Launcher 13 | . . 13 Special . | . . . Kinetic 70 | . 64 6 Thermal 19 | . . 19 Explosive 13 | . . 13 Electromagnetic 5 | . . 5 Robot Hit Streak 26 | . 26 19 Robot Miss Streak 2 | . 1 2 Penetration Max . | . . . Secondary Targets . | . . . Shots Hit Robots 87 | . 53 34 Core Hits 47 | . 19 28 Critical Kills . | . . . Critical Parts Destroyed 1 | . 1 . Critical Strikes 2 | . 1 1 Destroy 1 | . 1 . Corrupt 1 | . . 1 Melee Attacks . | . . . Impact . | . . . Slashing . | . . . Piercing . | . . . Sneak Attacks . | . . . Combat Hostiles . | . . . Follow-up Attacks . | . . . Damage Inflicted 1521 | . 668 853 Guns 920 | . 668 252 Cannons 148 | . . 148 Explosions 453 | . . 453 Melee . | . . . Ramming . | . . . Kinetic 742 | . 668 74 Thermal 268 | . . 268 Explosive 453 | . . 453 Electromagnetic 58 | . . 58 Impact . | . . . Slashing . | . . . Piercing . | . . . Highest Corruption . | . . . Average Corruption . | . . . Corruption Purged . | . . . Corruption Blocked . | . . . Overload Shots . | . . . Overflow Damage 6 | . . 6 Projectiles . | . . . Explosions 6 | . . 6 Melee . | . . . Knockbacks 1 | . . 1 Impact . | . . . Kinetic 1 | . . 1 Secondary . | . . . Self-Inflicted Damage 14 | . . 14 Shots 1 | . . 1 Rammed . | . . . Targets Rammed . | . . . Kicked . | . . . Crushed . | . . . Highest Temperature 158 | . 4 158 Average Temperature 47 | . 2 53 Received Heat Transfer 150 | . 150 . Siege Activations . | . . . Robots Corrupted . | . . . Combat Hostiles . | . . . Parts Fried . | . . . Impact Corruptions . | . . . Robots Melted . | . . . Combat Hostiles . | . . . Parts Melted 2 | . . 2 Heat Transferred 555 | . . 555 Parts Sabotaged . | . . . Parts Stolen . | . . . Parts Stripped . | . . . Power Chain Reactions . | . . . Missiles Intercepted . | . . . Alert | -11 -10 -10 ------- Run | Scr Mat Min Peak Influence 172 | . 172 148 Initial . | . . . Average 58 | . 67 53 Maximum Alert Level . | . . . Low Security (%) 100 | 100 100 100 Level 1 . | . . . Level 2 . | . . . Level 3 . | . . . Level 4 . | . . . Level 5 . | . . . High Security . | . . . Max Security . | . . . Squads Dispatched 1 | . . 1 Investigation 1 | . . 1 Extermination . | . . . Reinforcement . | . . . Assault . | . . . Garrison . | . . . Intercept . | . . . Searches Triggered . | . . . Construction Impeded . | . . . Haulers Reinforced . | . . . Active Scanning Responses . | . . . Cargo Convoy Interrupts . | . . . Stealth | -11 -10 -10 --------- Run | Scr Mat Min Distress Signals 1 | . . 1 Communications Jammed . | . . . Distress Signals . | . . . Times Spotted 29 | . 14 15 Peak Tracking Total 6 | . 2 6 Tactical Retreats 1 | . . 1 Traps | -11 -10 -10 ------- Run | Scr Mat Min Traps Triggered 1 | . 1 . Indirectly . | . . . Trap Hack Attempts . | . . . Triggered . | . . . Disarmed . | . . . Reprogrammed . | . . . Reused . | . . . Traps Extracted . | . . . Installed . | . . . Triggered . | . . . Machines | -11 -10 -10 ---------- Run | Scr Mat Min Machines Disabled 1 | . . 1 Max in Single Turn 1 | . . 1 Machines Sabotaged . | . . . Garrisons Compromised . | . . . Overloaded Fab Kills . | . . . Hacking | -11 -10 -10 --------- Run | Scr Mat Min Machines Accessed 1 | . 1 . Terminals 1 | . 1 . Fabricators . | . . . Repair Stations . | . . . Recycling Units . | . . . Scanalyzers . | . . . Garrison Access . | . . . Total Hacks 2 | . 2 . Successful 2 | . 2 . Failed . | . . . Catastrophic . | . . . Database Lockouts . | . . . Manual . | . . . Terminals 2 | . 2 . Fabricators . | . . . Repair Stations . | . . . Recycling Units . | . . . Scanalyzers . | . . . Garrison Access . | . . . Terminal Hacks 2 | . 2 . Record 2 | . 2 . Fabricator Hacks . | . . . Repair Station Hacks . | . . . Recycling Unit Hacks . | . . . Scanalyzer . | . . . Garrison Access Hacks . | . . . Unauthorized Hacks . | . . . Terminals . | . . . Fabricators . | . . . Repair Stations . | . . . Recycling Units . | . . . Scanalyzers . | . . . Garrison Access . | . . . Data Cores Recovered . | . . . Used . | . . . Hacking Detections 1 | . 1 . Full Trace Events . | . . . Feedback Events . | . . . Feedback Blocked . | . . . Robot Schematics Acquired . | . . . Robots Built . | . . . Authchips . | . . . Time . | . . . Total Robot Build Rating . | . . . Part Schematics Acquired . | . . . Parts Built . | . . . Authchips . | . . . Time . | . . . Total Part Build Rating . | . . . Parts Repaired . | . . . Time . | . . . Parts Recycled . | . . . Recycled Matter . | . . . Retrieved Matter . | . . . Retrieved Components . | . . . Parts Scanalyzed . | . . . Part Schematics Acquired . | . . . Parts Damaged . | . . . Bothacking | -11 -10 -10 ------------ Run | Scr Mat Min Used RIF Installer . | . . . Robots Hacked . | . . . Non-combat . | . . . Combat . | . . . Robot Hacks Applied . | . . . Relay Couplers Released . | . . . Fabnet Peak Effective % . | . . . Robots Rewired . | . . . Allies Hacked . | . . . Hacks Repelled . | . . . Allies | -11 -10 -10 -------- Run | Scr Mat Min Total Allies . | . . . Largest Group . | . . . Highest-Rated Group . | . . . Highest-Rated Ally . | . . . Total Orders . | . . . Ally Attacks . | . . . Total Damage . | . . . Kills . | . . . Allies Corrupted . | . . . Allies Melted . | . . . Intel | -11 -10 -10 ------- Run | Scr Mat Min Robot Analysis Total . | . . . Derelict Logs Recovered . | . . . Drone Launches . | . . . Drone Recoveries . | . . . Exploration | -11 -10 -10 ------------- Run | Scr Mat Min Turns Passed 1628 | 83 820 725 Spaces Moved 849 | 53 564 232 Core 22 | 22 . . Treads 38 | 7 . 31 Legs 789 | 24 564 201 Wheels . | . . . Hover . | . . . Flight . | . . . Fastest Speed 50 | 50 120 120 Average Speed 159 | 116 120 265 Slowest Speed 330 | 200 120 330 Overloaded Moves . | . . . Propulsion Burnouts . | . . . Robots Hopped . | . . . Cave-ins Triggered . | . . . Exploration Rate (%) 43 | 5 82 44 Regions Visited 2 Branch Regions 1 Pre-discovered Areas . | . . . Known Exits Taken 2 | 1 1 . Unknown Exits Taken . | . . . Scrap Searched . | . . . Spaces Dug . | . . . Terrain Destroyed 31 | . . 31 Melee . | . . . Projectile 1 | . . 1 AOE 30 | . . 30 Terrain Rammed . | . . . Walls Destroyed . | . . . Machines Disabled . | . . . Actions | -11 -10 -10 --------- Run | Scr Mat Min Total 1015 | 74 646 295 Wait 27 | . 25 2 Move 847 | 52 563 232 Hop . | . . . Pick Up 36 | 12 11 13 Fast Attach 4 | 2 2 . Attach 15 | 6 2 7 Detach 2 | 2 . . Swap 9 | . 2 7 Drop 16 | . 9 7 Fire 59 | . 32 27 Melee . | . . . Ram . | . . . Kick . | . . . Crush . | . . . Escape Stasis . | . . . Rewire . | . . . Trap . | . . . Miscellaneous . | . . . Route ------- -11/Scrapyard -10/Materials (discovered 4 exits: *Mat x3 / *Min) -10/Mines (discovered 1 exit: *Mat) History --------- Turn | Location | Event 2 | -11/Scrapyard | Met Revision 17 13 | -11/Scrapyard | Identified exit to Materials 13 | -11/Scrapyard | Discovered exit to Materials (range 14) 84 | -11/Scrapyard | Entered Materials 84 | -10/Materials | Evolved 1 slot: Utility x1 301 | -10/Materials | Build established: Hacker-Mutant 360 | -10/Materials | Identified exit to Materials 360 | -10/Materials | Discovered exit to Materials (range 4) 448 | -10/Materials | Discovered exit to Materials (range 16) 487 | -10/Materials | Identified exit to Mines 487 | -10/Materials | Discovered exit to Mines (range 15) 699 | -10/Materials | Discovered exit to Materials (range 4) 904 | -10/Materials | Entered Mines 1003 | -10/Mines | Discovered exit to Materials (range 8) 1124 | -10/Mines | Met a Derelict shopkeep closing up shop 1137 | -10/Mines | Lost 3 parts (1p2w) 1510 | -10/Mines | Assembled infested the area 1515 | -10/Mines | Assisted by a Guerilla fighting off Assembled 1552 | -10/Mines | Core integrity fell below 50% 1564 | -10/Mines | Core integrity fell below 20% 1594 | -10/Mines | Lost 6 parts (1p2n1u2w) 1629 | -10/Mines | Destroyed by as-44283 with Assembled Rifle Last Messages --------------- 01547_ Ion Engine destroyed. 01548_ The unstable cave ceiling collapses. 01553_ Missile Launcher destroyed. 01553_ Aluminum Leg destroyed. 01555_ D-53 Grenadier destroyed. 01556_ The unstable cave ceiling collapses. 01559_ Missile Launcher destroyed. 01561_ Targeting Computer destroyed. 01562_ The unstable cave ceiling collapses. 01563_ Aluminum Leg destroyed. 01564_ D-53 Grenadier destroyed. 01569_ The unstable cave ceiling collapses. 01607_ as-02067 destroyed. 01613_ as-62294 destroyed. 01616_ Acquired 14 matter. 01620_ Acquired 21 matter. 01621_ Shock Rifle destroyed. 01624_ as-51348 destroyed. 01626_ as-00166 destroyed. 01627_ Acquired 11 matter. Map ----- +----------------------------------------------------+ | ?????????????????????????????????????????????????? | | ?????????????????????????????????????????????????? | | ?????????????????????????????????????????????????? | | ?????????????????????????????????????????????????? | | ?????????????????????????????????????????????????? | | ?????????????????????????????????????????????????? | | ?????????????????????????????????????????????????? | | ?????????????????????????????????????????????????? | | ?????????????????????????????????????????????????? | | ?????????????????????????????????????????????????? | | ?????????????????????????????????????????????????? | | ???????????????????????????# ???????????????????? | | ??????????????????????????#a ??????????????????? | | ?????####????????????????# a #??????????????????? | | ????? #???????????????# ##?????????????????? | | ?????# #???????????????# a ##????????????????? | | ?????# #???????????????# a ?????????????????? | | ?????# #???????????????# ?????????????????? | | ?????# #??????????????? ??????????????????? | | ?????# #??????????????? %* t ???????????????????? | | ?????# #?????????#####?#%%==#???????????????????? | | ?????# #????????## ###%%;;????????????????????? | | ?????# #????##### ##!%=?????????????????????? | | ???### ###### ##%%#?????????????????????? | | #### # ##### #?#=%#?????????????????????? | | ###@%#?????????????????????? | | #?????????????????????? | | #?????????????????????? | | ### # #########?????????????????????? | | #??### ## # #??????????????????????????? | | ????## # # ##??????????????????????????? | | ???# # ##???????????????????????????? | | ???? # ######????????????????????????????? | | #?### ##?????????????????????????????? | | ### # #?????????????????????????????? | | #X #?????????????????????????????? | | " #?????????????????????????????? | | " #### #????????????????????????????? | | # ####???## #??????????????????????????? | | # # ##????????# ??????????????????????????? | | # ##?????????# ?????????????????????????? | | ## ###??????????# ??##?????????????????????? | | ## #####??????????###?? ?????????????????????#? | | ## # ##?????? # # # ???????????????####?? #? | | ## # # #### ##??????????????## ### #? | | ### # #%## # #??????????????# ! #? | | # ####### ##?????????????# #? | | ## # # < ##????????????# #???? | | # ## #????????????# ##???? | | ####### ### #????????????# ! ##???? | +----------------------------------------------------+ Best States ------------- Heat Dissipation 25 Energy Generation 10 Energy Capacity 250 Matter Stores 300 Matter Capacity 300 Sight Range 16 Terrain Scan Density 10 Resistance: KI 35 Resistance: TH 35 Resistance: EX 35 Resistance: EM 35 Resistance: I 35 Resistance: S 35 Resistance: P 35 Core Shielding 20 Evasion (%) 55 Targeting Accuracy 5 Recoil Reduction 2 Offensive Hacking 20 Item Schematics ----------------- None Robot Schematics ------------------ None Fabricated ------------ Nothing Alien Tech Used ----------------- None Achievements -------------- None Challenges ------------ None Game ------ Seed TractorLinearCalibrator Manual? 0 Play Time 00:33:03 Cumulative 8.0 hours Start 2022.08.06 @ 21:45:31 End 2022.08.06 @ 22:15:48 Sessions 1 Manual Loads 0 Difficulty Explorer Special Mode None Game No. 12 Rogue 6 Adventurer 0 Explorer 6 Win Type - Total 0 Types 0/0/0/0/0/0/0/0/0 Lore% 13 Gallery% 18 Achievement% 18 Wizard Run 0 Options --------- ASCII 0 Keyboard 0 Movement Mouse Keybinds 0 Fullscreen 2 Font 36/Crisp Map View 76x50 Tactical HUD 1 Map Filters NONE Filters NONE Steam 1 RUN: 74f1b35f-3da2-4a2b-bc29-895e1944a51b